 Dungeon Crawl Stone Soup version 0.23.1-41-g7e51ed32d8 (webtiles) character file.

Game seed: 13572002235399196232

630415 OdinFK the Archmage (level 26, -1/92 HPs)
             Began as a Deep Elf Fire Elementalist on Mar 28, 2019.
             Was the Champion of Vehumet.
             Killed from afar by a lightning spire (2 damage)
             ... with a bolt of electricity
             ... on level 3 of the Abyss on Mar 29, 2019.
             The game lasted 07:31:27 (61461 turns).

OdinFK the Archmage (Deep Elf Fire Elementalist)   Turns: 61461, Time: 07:31:28

Health: -1/92      AC: 12    Str:  6      XL:     26   Next: 77%
Magic:  57/57      EV: 19    Int: 43      God:    Vehumet [******]
Gold:   3461       SH:  0    Dex: 13 (15) Spells: 8/79 levels left

rFire    + + +     SeeInvis +   U - +8 dagger of Strategic Superiority {flame, rElec rF+ rC++ Int+2}
rCold    + + +     Gourm    .   (no shield)
rNeg     + . .     Faith    .   e - +1 robe of the Villain {rC+ rN+ MP+9 Int+2 SInv}
rPois    +         Spirit   .   f - +2 helmet {SInv}
rElec    +         Reflect  .   V - +2 cloak
rCorr    +         Harm     .   G - +2 pair of gloves
MR       ++...     Rnd*Rage +   y - +0 pair of boots of Vepogam {rF+ rCorr Str-3 Slay+2} (curse) Stlth ++........Rnd*Tele +
                                g - amulet of magic regeneration
HPRegen  0.00/turn              j - ring "Kugibuc" {rPois rF+ MP+9 Str+3 Dex+4}
MPRegen  0.60/turn              Q - ring "Loula" {Str+5 Int+6 SInv}

@: studying Summonings, drained
A: [berserk 2], blurry vision 1[+2], [clumsy 2], [deformed body], [deterioration
2], [frail 3], [low mp 3], [screaming 3], [inhibited regeneration],
[teleportitis 2], [weak 2], [no potion heal 3], [subdued magic 3]
}: 4/15 runes: serpentine, barnacled, slimy, silver
a: Renounce Religion


You were on level 3 of the Abyss.
You worshipped Vehumet.
Vehumet was exalted by your worship.
You were hungry.

You visited 10 branches of the dungeon, and saw 49 of its levels.
You visited the Abyss 3 times.
You visited 1 bazaar.
You also visited: Ossuary and Ice Cave.

You collected 7098 gold pieces.
You spent 3637 gold pieces at shops.

Inventory:

Hand Weapons
 R - the +9 mace of Purpose {venom, rElec, unknown}
   (You found it on level 1 of the Abyss)

   It poisons the flesh of those it strikes.
   It insulates you from electricity.
 U - the +8 dagger of Strategic Superiority (weapon) {flame, rElec rF+ rC++ Int+2}
   (You bought it in a shop on level 2 of the Orcish Mines)

   It has been specially enchanted to burn those struck by it, causing extra
   injury to most foes and up to half again as much damage against particularly
   susceptible opponents.
   It affects your intelligence (+2).
   It protects you from fire.
   It greatly protects you from cold.
   It insulates you from electricity.
Armour
 e - the +1 robe of the Villain (worn) {rC+ rN+ MP+9 Int+2 SInv}
   (You bought it in a shop on level 7 of the Dungeon)

   It affects your intelligence (+2).
   It protects you from cold.
   It protects you from negative energy.
   It affects your magic capacity (+9).
   It lets you see invisible.
 f - a +2 helmet of see invisible (worn)
 y - the cursed +0 pair of boots of Vepogam (worn) {rF+ rCorr Str-3 Slay+2}
   (You found it on level 1 of the Depths)

   It affects your strength (-3).
   It affects your accuracy and damage with ranged weapons and melee attacks
   (+2).
   It protects you from fire.
   It provides partial protection from all sources of acid and corrosion.
   It has a curse placed upon it.
 G - a +2 pair of gloves (worn)
 H - a +2 pair of boots of flying
 O - the +0 faerie dragon scales {rN++ rCorr Int+2 Slay+3 Stlth-}
   (You took it off the Enchantress on level 3 of the Depths)

   It affects your intelligence (+2).
   It affects your accuracy and damage with ranged weapons and melee attacks
   (+3).
   It greatly protects you from negative energy.
   It provides partial protection from all sources of acid and corrosion.
   It makes you less stealthy.
 V - a +2 cloak (worn)
 Y - the +3 hat of Pondering {ponderous, MR+ MP+10 Int+5}
   (You took it off Gastronok on level 1 of the Orcish Mines)

   It affects your intelligence (+5).
   It affects your resistance to hostile enchantments.
   It affects your magic capacity (+10).
Magical Staves
 v - an uncursed staff of fire
Jewellery
 g - an amulet of magic regeneration (around neck)
 j - the ring "Kugibuc" (left hand) {rPois rF+ MP+9 Str+3 Dex+4}
   (You acquired it on level 5 of the Pits of Slime)

   [ring of poison resistance]

   It affects your strength (+3).
   It affects your dexterity (+4).
   It protects you from fire.
   It protects you from poison.
   It affects your magic capacity (+9).
 K - the amulet "Ipacirak" {+Rage rN++ Int+4}
   (You took it off a deep elf high priest on level 5 of the Vaults)

   [amulet of rage]

   It affects your intelligence (+4).
   It greatly protects you from negative energy.
   It lets you go berserk.
 Q - the ring "Loula" (right hand) {Str+5 Int+6 SInv}
   (You acquired it on level 2 of the Vaults)

   [ring of intelligence]

   It affects your strength (+5).
   It affects your intelligence (+6).
   It lets you see invisible.
Wands
 a - a wand of digging (17)
 d - a wand of scattershot (9)
 h - a wand of flame (39)
 D - a wand of acid (49)
 I - a wand of clouds (13)
 M - a wand of paralysis (14)
 P - a wand of iceblast (33)
 T - a wand of disintegration (31)
Scrolls
 m - 9 scrolls of immolation
 o - 21 scrolls of teleportation
 q - 6 scrolls of amnesia
 r - 8 scrolls of magic mapping
 s - 18 scrolls of remove curse
 u - 6 scrolls of fear
 w - 8 scrolls of fog
 x - 5 scrolls of blinking
 A - 16 scrolls of identify
 E - a scroll of enchant armour
 L - 3 scrolls of holy word
 X - 3 scrolls of summoning
Potions
 b - 5 potions of haste
 i - a potion of mutation
 k - 5 potions of agility
 l - 18 potions of curing
 n - 5 potions of magic
 p - 7 potions of brilliance
 t - 2 potions of ambrosia
 C - 4 potions of cancellation
 F - 5 potions of heal wounds
 S - 2 potions of invisibility
Books
 B - a manual of Summonings
Miscellaneous
 z - 4 sacks of spiders
 J - a lightning rod (4/4)
 N - a phial of floods
Comestibles
 c - 78 rations


   Skills:
 + Level 4.8(4.2) Fighting
 + Level 5.5(4.9) Short Blades
 + Level 12.7(12.0) Dodging
 + Level 3.1(2.5) Stealth
 O Level 27(26.0) Spellcasting
 O Level 27(26.0) Conjurations
 + Level 11.9(11.2) Charms
 + Level 3.6(3.1) Summonings
 O Level 27(26.0) Fire Magic
 * Level 14.3(13.5) Earth Magic
 + Level 4.5(3.9) Evocations


You had 8 spell levels left.
You knew the following spells:

 Your Spells              Type           Power        Failure   Level  Hunger
a - Spellforged Servitor  Conj/Summ      #######...   1%          7    None
b - Bolt of Fire          Conj/Fire      #######...   0%          6    None
c - Sticky Flame          Conj/Fire      #######.     0%          4    None
d - Fireball              Conj/Fire      #######...   0%          5    None
e - Lee's Rapid Deconstr  Erth           ######....   0%          5    None
f - Orb of Destruction    Conj           #######...   0%          7    None
g - Iskenderun's Battles  Conj/Chrm      #######.     0%          5    None
h - Ignition              Fire           #######...   0%          8    None
i - Fire Storm            Conj/Fire      #######...   1%          9    None
j - Ring of Flames        Chrm/Fire      #######...   0%          7    None
k - Lehudib's Crystal Sp  Conj/Erth      #######...   1%          8    None

Your spell library contained the following spells:

 Spells                   Type           Power        Failure   Level  Hunger
 Chain Lightning          Conj/Air       ######....   1%          8    None
 Flame Tongue             Conj/Fire      #####        0%          1    None
 Magic Dart               Conj           ####         0%          1    None
 Shock                    Conj/Air       ####         0%          1    None
 Summon Butterflies       Summ           #####...     0%          1    None
 Summon Small Mammal      Summ           ####         0%          1    None
 Call Imp                 Summ           #####...     0%          2    None
 Searing Ray              Conj           ######       0%          2    None
 Swiftness                Chrm/Air       ######..     0%          2    None
 Throw Flame              Conj/Fire      ######       0%          2    None
 Conjure Flame            Conj/Fire      #######.     0%          3    None
 Dazzling Spray           Conj/Hex       ######       0%          3    None
 Ignite Poison            Fire/Tmut/Pois ######..     0%          3    None
 Inner Flame              Hex/Fire       ######..     0%          3    None
 Mephitic Cloud           Conj/Pois/Air  ######..     0%          3    None
 Regeneration             Chrm/Necr      ######....   0%          3    None
 Static Discharge         Conj/Air       ######..     0%          3    None
 Stone Arrow              Conj/Erth      ######       0%          3    None
 Force Lance              Conj/Tloc      ######..     0%          4    None
 Fulminant Prism          Conj/Hex       ######....   0%          4    None
 Iskenderun's Mystic Bla  Conj           #######.     0%          4    None
 Bolt of Magma            Conj/Fire/Erth #######...   0%          5    None
 Lightning Bolt           Conj/Air       ######....   0%          5    None
 Iron Shot                Conj/Erth      #######...   0%          6    None
 Poison Arrow             Conj/Pois      ######....   0%          6    None
 Animate Skeleton         Necr           N/A          1%          1    None
 Beastly Appendage        Tmut           ####..       1%          1    None
 Confusing Touch          Hex            ####..       1%          1    None
 Corona                   Hex            ####...      1%          1    None
 Pain                     Necr           ####         1%          1    None
 Corpse Rot               Necr           N/A          1%          2    None
 Ensorcelled Hibernation  Hex/Ice        ####..       1%          2    None
 Poisonous Vapours        Pois/Air       ####..       1%          2    None
 Sticks to Snakes         Tmut           ####....     1%          2    None
 Call Canine Familiar     Summ           #####...     1%          3    None
 Confuse                  Hex            ####....     1%          3    None
 Gell's Gravitas          Tloc           ####......   1%          3    None
 Spider Form              Tmut/Pois      ####......   1%          3    None
 Summon Guardian Golem    Hex/Summ       #####...     1%          3    None
 Tukima's Dance           Hex            ####....     1%          3    None
 Vampiric Draining        Necr           ####......   1%          3    None
 Airstrike                Air            ####......   1%          4    None
 Animate Dead             Necr           N/A          1%          4    None
 Cause Fear               Hex            ####......   1%          4    None
 Ice Form                 Ice/Tmut       ####....     1%          4    None
 Leda's Liquefaction      Hex/Erth       ######....   1%          4    None
 Petrify                  Tmut/Erth      ######..     1%          4    None
 Summon Ice Beast         Ice/Summ       #####...     1%          4    None
 Summon Lightning Spire   Summ/Air       #####...     1%          4    None
 Aura of Abjuration       Summ           #####.....   1%          5    None
 Borgnjor's Vile Clutch   Necr/Erth      ######....   1%          5    None
 Summon Demon             Summ           #####.....   1%          5    None
 Summon Forest            Summ/Tloc      #####.....   1%          5    None
 Summon Mana Viper        Hex/Summ       #####...     1%          5    None
 Yara's Violent Unravell  Hex/Tmut       ####......   1%          5    None
 Deflect Missiles         Chrm/Air       ######....   1%          6    None
 Freezing Cloud           Conj/Ice/Air   ######....   1%          6    None
 Statue Form              Tmut/Erth      ######...    1%          6    None
 Blade Hands              Tmut           ####......   3%          5    None
 Metabolic Englaciation   Hex/Ice        ####......   3%          5    None
 Silence                  Hex/Air        ####......   3%          5    None
 Shadow Creatures         Summ           N/A          6%          6    None
 Darkness                 Hex            ####......   26%         6    None
 Hydra Form               Tmut           ####......   26%         6    None
 Summon Hydra             Summ           #####.....   41%         7    None
 Haunt                    Necr/Summ      #####.....   65%         7    None
 Death's Door             Chrm/Necr      ######....   80%         8    None
 Borgnjor's Revivificati  Necr           ####......   100%        8    None
 Discord                  Hex            ####......   100%        8    None
 Infestation              Necr           ####......   100%        8    None
 Necromutation            Tmut/Necr      ####......   100%        8    None
 Shatter                  Erth           ######....   21%         9    None
 Glaciate                 Conj/Ice       ######....   24%         9    None


Dungeon Overview and Level Annotations

Branches:
Dungeon (15/15)            Temple (1/1) D:7            Lair (6/6) D:10
 Shoals (4/4) Lair:2        Snake (4/4) Lair:4        Slime (5/5) Lair:5
    Orc (2/2) D:9             Elf (3/3) Orc:2        Vaults (5/5) D:13
  Crypt (0/3) Vaults:3     Depths (4/5) D:15

Altars:
Ashenzari
Cheibriados
Dithmenos
Elyvilon
Fedhas
Gozag
Hepliaklqana
Kikubaaqudgha
Makhleb
Nemelex Xobeh
Okawaru
Qazlal
Ru
Sif Muna
Trog
Uskayaw
Vehumet
Wu Jian
Xom
Yredelemnul
Zin
The Shining One
Jiyva

Shops:
D:7 [   D:10 [   D:11 :   D:12 [   Orc:2 ?([(   Elf:1 *   Shoals:2 *
Shoals:3 [   Shoals:4 !   Snake:1 :[!   Vaults:1 %   Vaults:2 ?   Depths:1 }=}

Portals:
Hell: Depths:1 Depths:2 Depths:3 Depths:4
Abyss: Depths:1 Depths:4
Pandemonium: Depths:1 Depths:3
Trove: Elf:1 (give 8 scrolls of blinking)

Annotations:
Depths:3 1 runed translucent door


Innate Abilities, Weirdness & Mutations

[You often lose your temper in combat.]
[Scrolls take you much longer to read.]
[You are very clumsy. (Dex -4)]
[Armour fits poorly on your strangely shaped body.]
[Your body often deteriorates upon taking damage.]
[You are extremely frail. (-30% HP)]
[Your magical capacity is extremely low. (-30% MP)]
[You frequently scream uncontrollably at your foes.]
[You do not regenerate when monsters are visible.]
[You are sometimes teleported next to monsters.]
[You are very weak. (Str -4)]
[Potions cannot restore your health.]
[Your spells are much easier to cast, but much less powerful.]


Message History

You feel even more weirdly uncertain.
The wretched star pulses with an eldritch light!
You feel clumsy.
The wretched star pulses with an eldritch light!
Your vision blurs.
The wretched star pulses with an eldritch light!
You feel the urge to shout.
You feel a strong urge to yell.
You feel a strong urge to scream.
A merfolk impaler, a lightning spire and a raiju come into view.
You are feeling hungry.
Found an abyssal rune of Zot.
You scream at the lightning spire!
You scream at the blizzard demon!
A lightning spire and a blizzard demon come into view.
You scream at the lightning spire!
The blizzard demon shouts!
The raiju barks!
You hear a roar!
You hear a shout!
You hear a roar!
You hear a bark!
You hear a shout! x2
You hear an angry hiss.
The lightning spire shoots out a bolt of lightning at you!
The bolt of electricity hits you. You resist.
You die...

. .# #..# ..#
# ..
####x###...
#..#.#..# ..
#..#..###
...# #''#
.#.#....#
##..###...#
##....#x.##.#
#......##.#
#..@D..# ##
##....##
##'#### ...#
......
#..###.. #'


8m8 . h≈2≈ ≈φ You could see a bone dragon, a merfolk impaler, a blizzard demon,
a raiju, a small abomination and 2 lightning spires.

Vanquished Creatures
  the Royal Jelly (Slime:5)
  Sojobo (Depths:1)
  Bai Suzhen (Depths:1)
  the Enchantress (Depths:3)
  3 golden dragons (Vaults:5)
  A profane servitor (Abyss:2)
  Nikola (Shoals:2)
  Jory (Vaults:3)
  A bone dragon (Abyss:1)
  3 tentacled monstrosities (Vaults:5)
  Jorgrun (D:14)
  4 liches
  Asterion (Depths:1)
  A quicksilver dragon (Vaults:5)
  4 deep elf blademasters
  Polyphemus (Shoals:4)
  3 deep elf master archers (Elf:3)
  6 titans (Vaults:5)
  3 sphinxes
  9 tentacled starspawn
  25 acid blobs
  2 krakens
  8 tengu reavers
  4 storm dragons
  Agnes (Elf:2)
  Gastronok (Orc:1)
  7 shadow dragons
  Kirke (Shoals:1)
  6 fire giants
  20 azure jellies
  6 nagarajas (Snake:4)
  13 frost giants
  3 iron dragons
  15 vault wardens
  9 deep elf sorcerers
  Louise (D:15)
  A balrug (Abyss:2)
  Aizul (Depths:1)
  19 ironheart preservers
  2 cacodemons
  3 spriggan defenders (Depths:3)
  6 deep elf elementalists
  4 war gargoyles (Vaults:5)
  A reaper (Depths:1)
  A draconian shifter (Abyss:3)
  A vampire knight (Depths:4)
  A draconian annihilator (Abyss:3)
  21 very ugly things
  19 stone giants
  A ghoul (Vaults:5)
  5 entropy weavers
  Nessos (D:13)
  8 deep elf demonologists
  A lorocyproca (Abyss:3)
  2 dire elephants (Depths:4)
  10 deep elf annihilators
  Azrael (D:12)
  A spark wasp (Depths:2)
  2 merfolk javelineers
  A green death (Depths:3)
  9 ettins
  9 deep elf death magi
  10 merfolk impalers
  11 deep elf high priests
  A blizzard demon (Depths:3)
  15 yaktaur captains
  A crystal guardian (Vaults:4)
  10 fire dragons
  10 death oozes
  12 great orbs of eyes
  34 vault guards
  13 rakshasas
  8 ice dragons
  Erolcha (D:10)
  18 naga warriors
  A great orb of eyes (shapeshifter) (Vaults:5)
  2 spriggan air magi
  An alligator snapping turtle (Shoals:4)
  11 anacondas
  3 hydras
  8 centaur warriors
  25 ogre magi
  9 merfolk aquamancers
  3 merfolk avatars
  A catoblepas (Shoals:4)
  3 satyrs (Shoals:4)
  4 death knights
  24 dancing weapons
  6 deep troll shamans
  A titan zombie (Abyss:2)
  61 two-headed ogres
  A two-headed ogre (shapeshifter) (Vaults:4)
  3 death yaks (Shoals:4)
  A hell hog (Abyss:2)
  6 shock serpents
  6 deep troll earth magi
  6 tengu warriors
  A soul eater (Abyss:2)
  9 thrashing horrors (Abyss:3)
  14 hell knights
  4 spriggan berserkers
  21 naga sharpshooters
  27 deep elf knights
  A sun demon (Depths:3)
  26 large abominations
  4 salamander mystics
  8 wretched stars
  Sonja (D:11)
  A fire crab (shapeshifter) (Vaults:5)
  2 iron trolls (Depths:4)
  A sixfirhy (Abyss:3)
  12 sea snakes
  A fire crab (Abyss:3)
  11 deep trolls
  A deep troll (shapeshifter) (Vaults:5)
  2 spatial maelstroms (Abyss:3)
  A quicksilver dragon simulacrum (Abyss:3)
  3 shadow wraiths
  2 unseen horrors
  6 wizards
  A shadow demon (Depths:3)
  11 skeletal warriors
  5 glowing orange brains
  2 flayed ghosts
  7 naga ritualists
  19 deep elf archers
  A tengu zombie (Vaults:2)
  A swamp dragon (shapeshifter) (Vaults:5)
  17 ironbrand convokers
  11 harpies (Shoals:4)
  12 starcursed masses
  10 orc knights
  2 necromancers
  2 phantasmal warriors
  3 orb spiders (shapeshifter)
  A wolf spider (Vaults:4)
  4 oklob plants (Snake:2)
  8 mana vipers
  4 shining eyes
  2 orc sorcerers
  82 deep elf magi
  A shining eye (shapeshifter) (Vaults:2)
  A tengu skeleton (Vaults:3)
  11 fauns (Shoals:4)
  13 manticores
  8 cyclopes
  15 salamanders
  A human zombie (Vaults:2)
  5 elephants (Lair:4)
  A sphinx skeleton (Vaults:3)
  9 guardian serpents
  54 ugly things
  A cyclops (shapeshifter) (Vaults:5)
  4 worldbinders
  A fire giant skeleton (Vaults:3)
  A stone giant skeleton (Vaults:3)
  7 merfolk sirens
  An apocalypse crab (Abyss:3)
  A black mamba (shapeshifter) (Depths:4)
  15 naga magi
  34 black mambas
  An ice statue (IceCv)
  19 vault sentinels
  28 spiny frogs
  2 guardian serpents (shapeshifter)
  2 gargoyles
  2 spiny frogs (shapeshifter)
  9 smoke demons
  8 eyes of devastation
  7 orange demons
  2 hellions
  7 water nymphs
  2 rime drakes
  40 yaktaurs
  5 komodo dragons
  3 efreet (Abyss:3)
  4 kobold demonologists (Depths:3)
  5 freezing wraiths
  4 ice devils
  3 hellwings
  7 ancient zymes
  3 trolls (shapeshifter)
  29 merfolk
  5 red devils
  A golden dragon simulacrum (Abyss:3)
  11 polar bears (IceCv)
  A spriggan skeleton (Depths:1)
  4 tengu conjurers
  2 meliai (Abyss:3)
  A jumping spider (shapeshifter) (Depths:2)
  A hornet (shapeshifter) (Vaults:5)
  13 trolls
  6 hornets
  3 queen bees (shapeshifter)
  7 snapping turtles
  5 tyrant leeches (Lair:6)
  6 dream sheep
  A hippogriff (shapeshifter) (Vaults:2)
  26 blink frogs
  14 raiju
  7 wind drakes
  A fire giant simulacrum (Vaults:1)
  13 hippogriffs
  145 slime creatures
  3 spriggans (Depths:3)
  A redback (shapeshifter) (D:15)
  64 yaks
  An ettin zombie (Abyss:3)
  7 air elementals
  3 flying skulls (Abyss:3)
  A centaur simulacrum (D:14)
  An ice dragon skeleton (Abyss:3)
  5 ynoxinuls
  7 redbacks
  A shadow (D:11)
  2 tarantellas (shapeshifter)
  6 wyverns
  An ettin skeleton (Vaults:2)
  30 water elementals
  3 vampires
  7 wraiths
  A fire elemental (D:12)
  A human (shapeshifter) (Vaults:1)
  4 humans
  2 hogs (Shoals:1)
  16 golden eyes
  4 basilisks
  6 hungry ghosts
  4 neqoxecs
  A harpy simulacrum (Vaults:1)
  A steam dragon (D:12)
  14 chaos spawn
  6 vampire mosquitoes
  56 nagas
  An insubstantial wisp (Elf:3)
  A naga (shapeshifter) (D:15)
  5 wargs
  8 spatial vortices (Abyss:3)
  2 acid dragons (Vaults:1)
  13 water moccasins
  5 hell hounds
  6 porcupines
  5 ice beasts
  4 eyes of draining
  6 sky beasts
  A black bear (shapeshifter) (Vaults:4)
  An eye of draining (shapeshifter) (Depths:3)
  57 orc warriors
  A black bear (Abyss:3)
  A phantom (D:7)
  17 boggarts
  21 centaurs
  An elf skeleton (Vaults:3)
  8 human skeletons (Vaults:3)
  46 ogres
  30 wolves
  11 crocodiles
  7 big kobolds
  A yaktaur zombie (Depths:1)
  30 bullfrogs
  A gnoll sergeant (D:9)
  26 small abominations
  2 wyvern zombies
  A water moccasin zombie (Ossuary)
  2 scorpions
  A water moccasin skeleton (D:8)
  4 human simulacra
  20 killer bees
  7 wights
  An electric eel (Lair:2)
  4 centaur zombies
  5 howler monkeys
  10 crimson imps
  7 bullfrog zombies
  4 hounds
  7 jellies
  8 quasits
  4 bullfrog skeletons
  21 orc priests
  30 orc wizards
  Jessica (D:2)
  7 centaur skeletons
  12 mummies (Ossuary)
  Natasha (D:2)
  9 iguanas
  5 worker ants
  4 hound zombies
  2 hound skeletons
  A howler monkey zombie (D:8)
  Robin (D:4)
  2 gnolls (D:9)
  3 worker ant zombies
  8 adders
  A howler monkey skeleton (D:6)
  A shadow imp (D:6)
  3 white imps
  4 ufetubi
  3 oozes (Lair:5)
  2 adder skeletons
  3 adder zombies
  6 worms
  3 dart slugs
  4 leopard geckos
  123 orcs
  11 bats
  6 giant cockroaches
  9 goblins
  9 hobgoblins
  9 jackals
  37 kobolds
  A quokka (D:10)
  4 ball pythons
  8 frilled lizards
  A quokka zombie (D:8)
  6 rats
  3 crawling corpses (Elf:3)
  A fire vortex (Vaults:3)
  2 fungi (Lair:3)
  22 plants
  10 starspawn tentacles (Abyss:2)
  5 tentacles
2709 creatures vanquished.

Vanquished Creatures (collateral kills)
  An ancient lich (Vaults:5)
  A hellephant (Abyss:3)
  A tentacled monstrosity (Vaults:5)
  A shadow dragon (Abyss:3)
  A tengu reaver (Vaults:5)
  A deep elf sorcerer (Elf:3)
  3 vault wardens
  A deep elf elementalist (Elf:3)
  2 frost giants
  2 very ugly things
  A deep elf demonologist (Elf:3)
  A reaper (Abyss:3)
  2 stone giants
  An ettin (Depths:3)
  A deep elf high priest (Elf:3)
  A green death (Abyss:3)
  A yaktaur captain (Vaults:5)
  A thrashing horror (Abyss:3)
  A naga sharpshooter (Snake:4)
  2 wretched stars
  A swamp dragon (shapeshifter) (Elf:3)
  3 ugly things
  A deep elf mage (Vaults:3)
  A worldbinder (Abyss:3)
  A smoke demon (Abyss:3)
  A demonic crawler (Abyss:3)
  A tormentor (Abyss:3)
  A blink frog (Abyss:3)
  A frost giant simulacrum (Depths:1)
  2 large abominations (Abyss:3)
  A naga (Snake:4)
  A hell hound (Abyss:3)
  An insubstantial wisp (Abyss:3)
  An orc warrior (Vaults:1)
  2 ogres
  3 small abominations (Abyss:3)
  A killer bee (Abyss:3)
  2 starcursed masses (Abyss:3)
  3 crawling corpses (Elf:3)
54 creatures vanquished.

Vanquished Creatures (others)
  A killer bee (Abyss:3)
  A crimson imp (D:9)
  274 fire vortices
  9 fungi
  A lurking horror (Abyss:3)
  57 plants
  12 starspawn tentacles
  3 tentacles
358 creatures vanquished.

Grand Total: 3121 creatures vanquished

Notes
Turn   | Place    | Note
-------+----------+-------------------------------------------
     0 | D:1      | OdinFK the Deep Elf Fire Elementalist began the quest for
                  | the Orb.
     0 | D:1      | Reached XP level 1. HP: 10/10 MP: 6/6
   114 | D:1      | Reached XP level 2. HP: 15/15 MP: 6/8
   126 | D:1      | Learned a level 2 spell: Throw Flame
   668 | D:1      | Reached XP level 3. HP: 19/19 MP: 10/10
   700 | D:2      | Noticed Jessica
   705 | D:2      | Killed Jessica
   849 | D:2      | Reached XP level 4. HP: 20/24 MP: 5/12
  1165 | D:2      | Noticed Natasha
  1172 | D:2      | Killed Natasha
  1172 | D:2      | Reached XP level 5. HP: 12/28 MP: 14/14
  1178 | D:2      | Learned a level 4 spell: Sticky Flame
  1184 | D:2      | Learned a level 5 spell: Fireball
  1402 | D:2      | Found a hide-covered altar of Uskayaw.
  1909 | D:3      | Found a basalt altar of Yredelemnul.
  1927 | D:3      | Reached skill level 5 in Fire Magic
  2380 | D:3      | Reached skill level 5 in Spellcasting
  2575 | D:3      | Reached XP level 6. HP: 26/32 MP: 14/15
  3367 | D:4      | Found an opulent altar of Gozag.
  3429 | D:4      | Reached skill level 1 in Evocations
  3501 | D:4      | Reached XP level 7. HP: 21/36 MP: 18/18
  3784 | D:4      | Noticed Robin
  3798 | D:4      | Killed Robin
  3927 | D:5      | Entered Level 5 of the Dungeon
  4080 | D:5      | You fall through a shaft!
  4177 | D:6      | Reached XP level 8. HP: 3/42 MP: 2/22
  4412 | D:5      | Found a sand-covered staircase.
  4506 | Ossuary  | Entered an ossuary
  4731 | Ossuary  | Reached skill level 5 in Conjurations
  4755 | Ossuary  | Reached skill level 1 in Short Blades
  5210 | D:6      | Reached skill level 10 in Spellcasting
  5623 | D:6      | Found a glowing golden altar of the Shining One.
  5623 | D:6      | Found a snail-covered altar of Cheibriados.
  5624 | D:6      | Found a blossoming altar of Fedhas.
  5640 | D:6      | Reached XP level 9. HP: 40/46 MP: 25/25
  6144 | D:7      | Found Ofobaebbi's Antique Armour Shoppe.
  6154 | D:7      | Bought a dull robe for 148 gold pieces
  6164 | D:7      | Identified the +1 robe of the Villain {rC+ rN+ MP+9 Int+2
                  | SInv} (You bought it in a shop on level 7 of the Dungeon)
  6178 | D:7      | Found a staircase to the Ecumenical Temple.
  6192 | Temple   | Entered the Ecumenical Temple
  6256 | Temple   | Became a worshipper of Vehumet
  6393 | D:7      | Reached skill level 1 in Fighting
  6413 | D:7      | Found a radiant altar of Vehumet.
  7342 | D:8      | Reached * piety under Vehumet
  7342 | D:8      | Offered knowledge of Shock by Vehumet.
  7588 | D:8      | Noticed a two-headed ogre
  7589 | D:8      | Reached XP level 10. HP: 52/52 MP: 27/27
  7593 | D:8      | Killed a two-headed ogre
  8094 | D:8      | Reached ** piety under Vehumet
  8094 | D:8      | Offered knowledge of Magic Dart by Vehumet.
  8712 | D:9      | Offered knowledge of Searing Ray by Vehumet.
  8749 | D:9      | Reached skill level 10 in Fire Magic
  8824 | D:9      | Reached *** piety under Vehumet
  8939 | D:9      | Noticed a gargoyle
  9170 | D:9      | Offered knowledge of Ignite Poison by Vehumet.
  9183 | D:9      | Reached XP level 11. HP: 44/56 MP: 22/30
  9385 | D:9      | Reached **** piety under Vehumet
  9597 | D:9      | Found a staircase to the Orcish Mines.
  9732 | D:10     | Entered Level 10 of the Dungeon
  9978 | D:10     | Offered knowledge of Iskenderun's Mystic Blast by Vehumet.
 10283 | D:10     | Found a staircase to the Lair.
 10429 | D:10     | Found Usog's Armour Shop.
 10437 | D:10     | Reached skill level 10 in Conjurations
 10486 | D:10     | Noticed Erolcha
 10492 | D:10     | Killed Erolcha
 11108 | D:11     | Found Elloff's Book Boutique.
 11161 | D:11     | Reached ***** piety under Vehumet
 11164 | D:11     | Offered knowledge of Lee's Rapid Deconstruction by Vehumet.
 11184 | D:11     | Learned a level 5 spell: Lee's Rapid Deconstruction
 11231 | D:11     | Noticed a white ugly thing
 11236 | D:11     | Killed a white ugly thing
 11374 | D:11     | Noticed a purple ugly thing
 11378 | D:11     | Killed a purple ugly thing
 11391 | D:11     | Noticed a red ugly thing
 11511 | D:11     | Reached skill level 15 in Spellcasting
 11877 | Lair:1   | Entered Level 1 of the Lair of Beasts
 12210 | Lair:1   | Reached XP level 12. HP: 55/62 MP: 33/33
 12758 | Lair:1   | Noticed a four-headed hydra
 12762 | Lair:1   | Killed a four-headed hydra
 12948 | Lair:2   | Found a frozen archway.
 13020 | IceCv    | Entered an ice cave
 14025 | IceCv    | Noticed a frost giant
 14483 | Lair:2   | Reached XP level 13. HP: 66/66 MP: 20/36
 14904 | Lair:2   | Found a staircase to the Shoals.
 15416 | Lair:3   | Identified the Almanac of Cankerous Calling
 15473 | Lair:3   | Offered knowledge of Orb of Destruction by Vehumet.
 15482 | Lair:3   | Learned a level 7 spell: Orb of Destruction
 15911 | Lair:3   | Reached skill level 5 in Dodging
 16353 | Lair:4   | Found a staircase to the Snake Pit.
 17368 | D:11     | Bought a book of Fire for 780 gold pieces
 17376 | D:11     | Learned a level 6 spell: Bolt of Fire
 17436 | D:11     | Noticed Sonja
 17437 | D:11     | Killed Sonja
 17824 | D:12     | Found a shattered altar of Ashenzari.
 17824 | D:12     | Noticed Azrael
 17828 | D:12     | Killed Azrael
 17851 | D:12     | Found Vunimof's Antique Armour Shoppe.
 18000 | D:12     | Reached XP level 14. HP: 72/72 MP: 38/38
 18325 | Orc:1    | Entered Level 1 of the Orcish Mines
 18528 | Orc:1    | Offered knowledge of Iskenderun's Battlesphere by Vehumet.
 18537 | Orc:1    | Learned a level 5 spell: Iskenderun's Battlesphere
 18645 | Orc:1    | Noticed Gastronok
 18652 | Orc:1    | Killed Gastronok
 18879 | Orc:2    | Entered Level 2 of the Orcish Mines
 18901 | Orc:1    | Learned a level 8 spell: Ignition
 18975 | Orc:2    | Found a staircase to the Elven Halls.
 19968 | Orc:2    | Found Qeutij's Armour Emporium.
 19968 | Orc:2    | Found Neroushrauz's Antique Weapon Boutique.
 19970 | Orc:2    | Found Ceviary's Magic Scroll Shop.
 19971 | Orc:2    | Found Edosche's Antique Weapon Shoppe.
 19984 | Orc:2    | Bought a scroll of identify for 30 gold pieces
 19990 | Orc:2    | Bought a twisted dagger for 217 gold pieces
 19990 | Orc:2    | Identified the +8 dagger of Strategic Superiority {flame,
                  | rElec rF+ rC++ Int+2} (You bought it in a shop on level 2
                  | of the Orcish Mines)
 20505 | Lair:5   | Found a runed translucent door.
 20505 | Lair:5   | Found a viscous altar of Jiyva.
 20505 | Lair:5   | Found a staircase to the Slime Pits.
 21070 | Lair:6   | Entered Level 6 of the Lair of Beasts
 21092 | Lair:6   | Offered knowledge of Poison Arrow by Vehumet.
 22059 | Lair:6   | Reached skill level 15 in Fire Magic
 22114 | Lair:6   | Got a heavily runed amber ring
 22116 | Lair:6   | Identified the cursed ring of Vuavvyti {*Corrode Int-2
                  | Dex+4} (You found it on level 6 of the Lair of Beasts)
 22547 | Snake:1  | Entered Level 1 of the Snake Pit
 22555 | Snake:1  | Found a sparkling altar of Nemelex Xobeh.
 22590 | Snake:1  | Reached XP level 15. HP: 28/76 MP: 15/40
 22603 | Snake:1  | Reached skill level 15 in Conjurations
 22808 | Snake:1  | Found a flickering gateway to a bazaar.
 22818 | Bazaar   | Entered a bazaar
 22824 | Bazaar   | Found Qawy Von's Distillery.
 22824 | Bazaar   | Found Zaewa's Book Boutique.
 22847 | Bazaar   | Found Gesaipp's Assorted Antiques.
 22867 | Bazaar   | Found Fyma's Weapon Boutique.
 22906 | Bazaar   | Bought a potion of lignification for 30 gold pieces
 22906 | Bazaar   | Bought a potion of degeneration for 10 gold pieces
 22906 | Bazaar   | Bought 2 potions of heal wounds for 100 gold pieces
 22906 | Bazaar   | Bought a potion of heal wounds for 50 gold pieces
 22906 | Bazaar   | Bought a potion of curing for 30 gold pieces
 22906 | Bazaar   | Bought a potion of curing for 30 gold pieces
 22906 | Bazaar   | Bought a potion of curing for 30 gold pieces
 22918 | Bazaar   | Bought a sapphire ring for 170 gold pieces
 22918 | Bazaar   | Bought a scroll labeled HEILAP EBBAO for 34 gold pieces
 22918 | Bazaar   | Bought 3 scrolls labeled HEILAP EBBAO for 102 gold pieces
 23144 | Snake:1  | Found Viysikasch's Antique Armour Emporium.
 23408 | Snake:1  | Reached ****** piety under Vehumet
 23449 | Snake:1  | Found Poiker's Book Boutique.
 23597 | Snake:1  | Found Hiexut's Distillery.
 23598 | Snake:1  | Offered knowledge of Ozocubu's Refrigeration by Vehumet.
 23644 | Snake:1  | Bought a potion of cancellation for 104 gold pieces
 23644 | Snake:1  | Bought a potion of resistance for 130 gold pieces
 24009 | Snake:2  | Reached skill level 1 in Earth Magic
 24240 | Snake:2  | Reached skill level 1 in Charms
 24593 | Snake:2  | Found a hazy altar of Hepliaklqana.
 25683 | Snake:3  | Identified a scroll of acquirement
 26107 | Snake:3  | Reached XP level 16. HP: 60/81 MP: 26/43
 26844 | Snake:4  | Entered Level 4 of the Snake Pit
 27235 | Shoals:1 | Entered Level 1 of the Shoals
 27309 | Shoals:1 | Offered knowledge of Spellforged Servitor by Vehumet.
 27418 | Shoals:1 | Learned a level 7 spell: Spellforged Servitor
 27808 | Shoals:1 | Noticed Kirke
 27811 | Shoals:1 | Killed Kirke
 28115 | Shoals:2 | Noticed Nikola
 28124 | Shoals:2 | Killed Nikola
 28464 | Shoals:2 | Offered knowledge of Bolt of Cold by Vehumet.
 28496 | Shoals:2 | Found Hubbil's Assorted Antiques.
 28511 | Shoals:2 | Bought a potion of heal wounds for 175 gold pieces
 28511 | Shoals:2 | Bought a pearl ring for 175 gold pieces
 28577 | Shoals:2 | Got a warped mace
 28869 | Shoals:3 | Found Simil's Armour Shoppe.
 29395 | Shoals:4 | Entered Level 4 of the Shoals
 29708 | Shoals:4 | Noticed Polyphemus
 29867 | Shoals:4 | Reached XP level 17. HP: 85/85 MP: 39/45
 29874 | Shoals:4 | Killed Polyphemus
 30617 | Shoals:4 | Noticed a kraken
 30628 | Shoals:4 | Killed a kraken
 30686 | Shoals:4 | Got a barnacled rune of Zot
 30762 | Shoals:4 | Found Sovvoo's Distillery.
 30811 | Shoals:4 | Identified the cursed ring "Plog" {rPois Str+3 Dex-4 SInv}
 31273 | Shoals:4 | Offered knowledge of Lehudib's Crystal Spear by Vehumet.
 31273 | Shoals:4 | Offered knowledge of Fire Storm by Vehumet.
 31273 | Shoals:4 | Offered knowledge of Chain Lightning by Vehumet.
 31301 | Shoals:4 | Learned a level 9 spell: Fire Storm
 32581 | Snake:4  | Reached XP level 18. HP: 91/91 MP: 31/47
 33134 | Snake:4  | Reached skill level 1 in Summonings
 33320 | Snake:4  | Got a serpentine rune of Zot
 33706 | D:13     | Noticed Nessos
 33709 | D:13     | Killed Nessos
 34037 | D:13     | Found a gate to the Vaults.
 34815 | D:14     | Noticed Jorgrun
 34820 | D:14     | Killed Jorgrun
 34840 | D:14     | Found a shadowy altar of Dithmenos.
 35108 | D:15     | Entered Level 15 of the Dungeon
 35171 | D:15     | Noticed Louise
 35175 | D:15     | Killed Louise
 35335 | D:15     | Found a staircase to the Depths.
 36013 | Elf:1    | Entered Level 1 of the Elven Halls
 36155 | Elf:1    | Found Wuokk's Assorted Antiques.
 36178 | Elf:1    | Bought a hardcover book for 480 gold pieces
 36178 | Elf:1    | Bought a scroll labeled JAERAU CIXZO for 32 gold pieces
 36204 | Elf:1    | Learned a level 7 spell: Ring of Flames
 36640 | Elf:1    | Found a portal to a secret trove of treasure.
 37032 | Elf:2    | Found a huge runed translucent gate.
 37032 | Elf:2    | Found a huge runed translucent gate.
 37032 | Elf:2    | Found a huge runed translucent gate.
 37033 | Elf:2    | Found a huge runed translucent gate.
 37035 | Elf:2    | Found a huge runed translucent gate.
 37166 | Elf:2    | Reached XP level 19. HP: 91/95 MP: 50/50
 37375 | Elf:2    | Noticed Agnes
 37490 | Elf:2    | Killed Agnes
 38082 | Elf:3    | Entered Level 3 of the Elven Halls
 38140 | Elf:3    | Found a deep blue altar of Sif Muna.
 38330 | Elf:3    | Cast into level 2 of the Abyss (a deep elf demonologist)
 38331 | Abyss:2  | Found a corrupted altar of Lugonu.
 38368 | Abyss:2  | Noticed a bone dragon
 38441 | Abyss:2  | Noticed a bone dragon
 38674 | Abyss:2  | Noticed a bone dragon
 38762 | Abyss:3  | Noticed a bone dragon
 38783 | Elf:3    | Escaped the Abyss
 39381 | Elf:3    | Identified the +5 whip of Distraction {freeze, MR+}
 39925 | Elf:3    | Identified the ring "Zitiubb" {Ice Int-2 Dex+4}
 39938 | Elf:3    | Identified the +11 gold dragon scales of the Abyss {rPois
                  | rF+ rC+ rN+}
 39995 | Elf:3    | Reached XP level 20. HP: 80/100 MP: 36/52
 40124 | Elf:3    | Identified the +1 scale mail of Mumblety Peg {rF+}
 40983 | Vaults:1 | Entered Level 1 of the Vaults
 41043 | Vaults:1 | Found Taphomil's Food Shoppe.
 42072 | Vaults:1 | Reached skill level 27 in Spellcasting
 43267 | Vaults:2 | Learned a level 8 spell: Lehudib's Crystal Spear
 43404 | Vaults:2 | Gained mutation: [Scrolls take you a little longer to
                  | read.] [a shining eye]
 43535 | Vaults:2 | Reached skill level 5 in Earth Magic
 43548 | Vaults:2 | Reached XP level 21. HP: 76/104 MP: 3/54
 44066 | Vaults:2 | Found Dunohila's Magic Scroll Shop.
 44563 | Vaults:3 | Noticed Jory
 45326 | Vaults:3 | Found a staircase to the Crypt.
 46226 | Vaults:3 | Killed Jory
 46983 | Vaults:2 | Bought a scroll of acquirement for 780 gold pieces
 46987 | Vaults:2 | Got a slimy amber ring
 46991 | Vaults:2 | Identified the ring "Loula" {Str+5 Int+6 SInv} (You
                  | acquired it on level 2 of the Vaults)
 47035 | Vaults:3 | Upgraded the game from 0.23.1-38-g628c18f423 to
                  | 0.23.1-41-g7e51ed32d8
 47121 | Vaults:4 | Reached XP level 22. HP: 109/109 MP: 37/55
 48710 | Slime:1  | Entered Level 1 of the Pits of Slime
 49821 | Slime:5  | Entered Level 5 of the Pits of Slime
 49838 | Slime:5  | Reached skill level 5 in Charms
 49838 | Slime:5  | Reached XP level 23. HP: 113/113 MP: 50/56
 50007 | Slime:5  | Noticed the Royal Jelly
 50010 | Slime:5  | Killed the Royal Jelly
 50222 | Slime:5  | Identified the Incunabulum of the Supportive Oath
 50233 | Slime:5  | Got a scorched pewter ring
 50235 | Slime:5  | Identified the ring "Kugibuc" {rPois rF+ MP+9 Str+3 Dex+4}
                  | (You acquired it on level 5 of the Pits of Slime)
 50267 | Slime:5  | Got a bone eveningstar
 50270 | Slime:5  | Identified the +1 eveningstar of Income {distort, rElec
                  | rPois Str-2 Dex+3} (You found it on level 5 of the Pits of
                  | Slime)
 50330 | Slime:5  | Got a slimy rune of Zot
 50937 | Depths:1 | Entered Level 1 of the Depths
 50953 | Depths:1 | Noticed Bai Suzhen
 50957 | Depths:1 | Killed Bai Suzhen
 51082 | Depths:1 | Noticed Sojobo
 51085 | Depths:1 | Killed Sojobo
 51265 | Depths:1 | Got a pair of polished boots
 51276 | Depths:1 | Identified the cursed +0 pair of boots of Vepogam {rF+
                  | rCorr Str-3 Slay+2} (You found it on level 1 of the Depths)
 51287 | Depths:1 | Found a gateway to Hell.
 51318 | Depths:1 | Noticed Aizul
 51321 | Depths:1 | Killed Aizul
 51561 | Depths:1 | Found Dadimoil's Gadget Emporium.
 51561 | Depths:1 | Found Omoim's Jewellery Shop.
 51565 | Depths:1 | Found Susoip's Gadget Emporium.
 51621 | Depths:1 | Noticed Asterion
 51623 | Depths:1 | Killed Asterion
 51683 | Depths:1 | Found a one-way gate to the infinite horrors of the Abyss.
 51784 | Depths:1 | Found a one-way gate leading to the halls of Pandemonium.
 51877 | Depths:1 | Found a runed translucent door.
 52888 | Depths:2 | Reached XP level 24. HP: 114/120 MP: 15/56
 54138 | Depths:3 | Identified the +0 faerie dragon scales {rN++ rCorr Int+2
                  | Slay+3 Stlth-}
 54138 | Depths:3 | Noticed the Enchantress
 54141 | Depths:3 | Killed the Enchantress
 54237 | Depths:3 | Got a translucent spear
 54240 | Depths:3 | Identified the +4 spear of Purpose {drain, *Drain Str+3
                  | Dex+2} (You found it on level 3 of the Depths)
 54639 | Depths:3 | Found a burning altar of Makhleb.
 54653 | Depths:3 | Got a faintly glowing amber ring
 54656 | Depths:3 | Identified the ring of Pokkunwi {rF+ Str+5 Stlth+} (You
                  | found it on level 3 of the Depths)
 54697 | Depths:3 | Found a runed translucent door.
 54699 | Depths:3 | Found a runed translucent door.
 55082 | Depths:4 | Found a shattered altar of Ashenzari.
 55429 | Depths:4 | Found a magical portal.
 56144 | Vaults:5 | Entered Level 5 of the Vaults
 56145 | Vaults:5 | Reached skill level 27 in Fire Magic
 56145 | Vaults:5 | Reached XP level 25. HP: 124/124 MP: 56/56
 57070 | Vaults:5 | Reached skill level 27 in Conjurations
 57075 | Vaults:5 | Noticed an ancient lich
 57330 | Vaults:5 | Killed an ancient lich
 57441 | Vaults:5 | Reached skill level 10 in Dodging
 57444 | Vaults:5 | Reached skill level 10 in Charms
 57963 | Vaults:5 | Reached XP level 26. HP: 103/131 MP: 29/56
 58161 | Vaults:5 | Found the +8 longbow "Zephyr" {speed, Dex+3 SInv}
 58161 | Vaults:5 | Identified the +9 dagger "Wesewof" {freeze, rN+ MR+ Str-5}
 58161 | Vaults:5 | Identified the cursed +1 plate armour of the Cockatrice
                  | {+Blink}
 58161 | Vaults:5 | Identified the amulet "Ipacirak" {+Rage rN++ Int+4}
 58244 | Vaults:5 | Reached skill level 10 in Earth Magic
 58525 | Vaults:5 | Got a silver rune of Zot
 58785 | Vaults:5 | Identified the +8 plate armour of Guetezoj {rF+ MR- rCorr
                  | Slay+2}
 59437 | Depths:1 | Voluntarily entered the Abyss.
 59673 | Depths:1 | Escaped the Abyss
 59865 | Depths:4 | Voluntarily entered the Abyss.
 59913 | Abyss:1  | Got an ancient mace
 60076 | Abyss:2  | Found a shattered altar of Ashenzari.
 60130 | Abyss:3  | Found a corrupted altar of Lugonu.
 60152 | Abyss:3  | Found a stormy altar of Qazlal.
 60273 | Abyss:3  | Found a corrupted altar of Lugonu.
 60615 | Abyss:3  | Reached skill level 5 in Short Blades
 60828 | Abyss:3  | Noticed an ancient lich
 61289 | Abyss:3  | Found a corrupted altar of Lugonu.
 61434 | Abyss:3  | HP: 4/92 [bone dragon (17)]
 61434 | Abyss:3  | HP: 1/92 [bone dragon (3)]
 61461 | Abyss:3  | Killed from afar by a lightning spire

Skill      XL: |  1  2  3  4  5  6  7  8  9 10 11 12 13 14 15 16 17 18 19 20 21 22 23 24 25 26 |
---------------+-------------------------------------------------------------------------------+-----
Fire Magic     | 4 5 6 7 8 10 11 12 14 15 16 17 18 19 20 21 22 24 26 27 | 27.0
Spellcasting   | 4 5 6 8 10 11 13 15 17 18 19 21 22 23 25 26 27 | 27.0
Conjurations   | 2 3 4 5 7 9 10 12 13 14 15 17 18 19 20 22 23 24 25 27 | 27.0
Evocations     | 1 2 3 4 |  4.5
Dodging        | 3 4 5 6 7 10 12 | 12.7
Short Blades   | 1 2 3 4 5 |  5.5
Fighting       | 1 2 3 4 |  4.8
Earth Magic    | 4 5 6 7 9 14 | 14.3
Charms         | 1 3 5 6 11 | 11.9
Summonings     | 1 2 3 |  3.6
Stealth        | 3 |  3.1

Action                   |  1- 3 |  4- 6 |  7- 9 | 10-12 | 13-15 | 16-18 | 19-21 | 22-24 | 25-27 || total
-------------------------+-------+-------+-------+-------+-------+-------+-------+-------+-------++-------
Melee: Unarmed           |     1 |       |       |       |       |       |       |       |       ||     1
       Dagger            |       |     5 |    43 |    39 |    56 |    25 |     9 |    27 |    54 ||   258
 Cast: Flame Tongue      |    26 |    51 |   137 |   242 |   145 |       |       |       |       ||   601
       Throw Flame       |    22 |    58 |    75 |    67 |    12 |       |       |       |       ||   234
       Sticky Flame      |       |     7 |    35 |    82 |    77 |     9 |    18 |     9 |    11 ||   248
       Fireball          |       |       |    22 |   131 |   174 |    94 |   105 |    60 |    55 ||   641
       Orb of Destructio |       |       |       |       |    39 |    14 |    42 |    18 |     3 ||   116
       Bolt of Fire      |       |       |       |       |   192 |   458 |   324 |   227 |    72 ||  1273
       Iskenderun's Batt |       |       |       |       |    13 |    14 |     5 |       |       ||    32
       Ignition          |       |       |       |       |     7 |    30 |    34 |    53 |    46 ||   170
       Lee's Rapid Decon |       |       |       |       |     1 |     4 |     5 |     2 |       ||    12
       Spellforged Servi |       |       |       |       |       |     9 |    14 |       |     8 ||    31
       Fire Storm        |       |       |       |       |       |     3 |    56 |    80 |   108 ||   247
       Ring of Flames    |       |       |       |       |       |       |     7 |    17 |     4 ||    28
       Lehudib's Crystal |       |       |       |       |       |       |     2 |    39 |    58 ||    99
Evoke: Wand              |       |       |    11 |     6 |     7 |       |     8 |     1 |       ||    33
       Lightning rod     |       |       |       |       |     4 |       |     3 |       |       ||     7
  Use: Scroll            |       |     3 |     5 |    14 |    22 |     8 |     8 |     9 |     2 ||    71
       Potion            |       |       |     5 |     1 |       |     3 |     1 |     1 |    13 ||    24
 Stab: Sleeping          |       |     2 |       |     1 |       |     1 |       |       |       ||     4
  Eat: Chunk             |       |    10 |    14 |    25 |    30 |    28 |    25 |    19 |     7 ||   158
       Ration            |       |       |     1 |       |     3 |     3 |     3 |     3 |     2 ||    15
Armor: Robe              |     3 |     3 |    12 |    22 |    31 |    17 |    17 |    14 |    36 ||   155
Dodge: Dodged            |     8 |    16 |    83 |   100 |   170 |   120 |    64 |    59 |   135 ||   755
